 Dungeon Crawl Stone Soup version 0.18-a0-1435-gee79d65 (webtiles) character file.

78 M4edhros the Vandal (level 4, 0/29 HPs)
             Began as an Octopode Hunter on Feb 28, 2016.
             Killed from afar by an orc wizard (3 damage)
             ... with a puff of flame
             ... on level 4 of the Dungeon.
             The game lasted 00:02:26 (1825 turns).

M4edhros the Vandal (Octopode Hunter)               Turns: 1825, Time: 00:02:26

Health: 0/29       AC:  1    Str: 11    XL:     4   Next: 36%
Magic:  4/4        EV: 19    Int: 13    God:
Gold:   109        SH:  0    Dex: 18    Spells: 0 memorised, 3 levels left

rFire  . . .     SeeInvis .     a - +1 hunting sling
rCold  . . .     Gourm    .     (no shield)
rNeg   + . .     Faith    .     (helmet restricted)
rPois  .         Spirit   .     (no amulet)
rElec  .         Dismiss  .     o - ring of stealth
rCorr  .         Reflect  .     f - ring of positive energy (curse)
SustAt .         Harm     .     (no ring)
MR     .....                    (no ring)
Stlth  +++++.....               (no ring)
                                (no ring)
                                (no ring)
                                (no ring)

@: agile, not resistant to hostile enchantments, quite stealthy
A: almost no armour, amphibious, 8 rings, constrict 8, camouflage 1, gelatinous
body 1
a: no special abilities


You were on level 4 of the Dungeon.
You were not hungry.

You visited 1 branch of the dungeon, and saw 4 of its levels.

You collected 109 gold pieces.

Inventory:

Hand Weapons
 a - a +1 hunting sling (weapon)
 b - a +0 short sword
Missiles
 c - 17 sling bullets (quivered)
 i - 60 stones
Armour
 m - a +0 shield
Jewellery
 f - a cursed ring of positive energy (right tentacle)
 o - a ring of stealth (left tentacle)
Scrolls
 g - 3 scrolls of amnesia {unknown}
 h - a scroll of noise {unknown}
 k - 3 scrolls of identify {unknown}
 p - a scroll of blinking {unknown}
 q - a scroll of teleportation {unknown}
 r - a scroll of random uselessness {unknown}
Potions
 e - a potion of haste {unknown}
 l - a potion of agility
 n - a potion of lignification {unknown}
 s - a potion of flight {unknown}
Comestibles
 d - 2 bread rations


   Skills:
 - Level 2.0 Fighting
 + Level 4.9 Slings
 + Level 3.3 Dodging
 - Level 1.3 Stealth
 + Level 0.4 Shields


You had 3 spell levels left.
You didn't know any spells.

Dungeon Overview and Level Annotations

Branches:
Dungeon (4/15)
 Temple: D:4-7

Altars:

Annotations:
D:3 Grinder


Innate Abilities, Weirdness & Mutations

You cannot wear most types of armour.
You are amphibious.
You can wear up to eight rings at the same time.
You can use your tentacles to constrict eight enemies at once.
Your skin changes colour to match your surroundings (Stealth).
Your rubbery body absorbs attacks (AC +1).


Message History

You feel better. Something hits you but does no damage. Something hits you.
* * * LOW HITPOINT WARNING * * *
You aren't carrying any items that can be evoked.
Quiver which item? (- for none, * to show all) (? for menu, Esc to quit)
Quivering
c - 18 sling bullets for slings.
Drink which item? (? for menu, Esc to quit)
It was a potion of agility.
You feel agile all of a sudden. Something hits you.
* * * LOW HITPOINT WARNING * * *
Firing (i - inventory. (,) - cycle):
c - 18 sling bullets (quivered)
Press: ? - help, Shift-Dir - straight line, f/p - orc
Aim: an orc, wielding a flail (heavily wounded)
You shoot a sling bullet. The sling bullet hits the orc!
You kill the orc!
Something barely misses you.
You hear some strange, mumbled words.
A puff of flame appears from out of thin air!
The puff of flame hits you!
You die...

#......# #.#
#.....(####.###
#.............#
######(####.#.#
#)#....#.#
#.#.##.#.# .#
#(#.####.##.#
#{#.......#.#
#@######..#.#
#.#.......#.#
#.#.#####.#.#
#.#.#####.#.#
#.#.........#
#.........#.#
#.#########.#
### ###


There were no monsters in sight!

Vanquished Creatures
  An adder (D:4)
  An ooze (D:4)
  2 worms
  2 dart slugs (D:1)
  A giant gecko (D:1)
  7 orcs (D:4)
  A giant cockroach (D:1)
  A goblin (D:1)
  7 hobgoblins
  7 jackals
  6 kobolds
  3 bats
  A giant newt (D:2)
  2 rats
42 creatures vanquished.

Notes
Turn   | Place    | Note
--------------------------------------------------------------
     0 | D:1      | M4edhros the Octopode Hunter began the quest for the Orb.
     0 | D:1      | Reached XP level 1. HP: 14/14 MP: 1/1
    67 | D:1      | Reached XP level 2. HP: 19/19 MP: 2/2
   389 | D:1      | Reached XP level 3. HP: 17/24 MP: 3/3
  1088 | D:3      | Noticed Grinder
  1577 | D:4      | Reached XP level 4. HP: 29/29 MP: 4/4
  1825 | D:4      | Killed from afar by an orc wizard

Vault maps used:
D:1:      saegor_arrival_miasma, lemuel_another_geyser
D:2:      serial_curves, eino_curves_03, eino_curves_04, first_bread,
          glass_columns_a, uniq_terence
D:3:      lemuel_crystal_altar, ecumenical_altar_1, uniq_grinder, uniq_iyjb
D:4:      demons_altar

Skill      XL: |  1  2  3 |
---------------+----------+-----
Dodging        | 3 |  3.3
Fighting       | |  2.0
Slings         | |  4.9
Stealth        | |  1.3
Shields        | |  0.4

Action                   |  1- 3 |  4- 6 || total
-------------------------+-------+-------++-------
Melee: Short sword       |    58 |     8 ||    66
 Fire: Hunting sling     |    35 |    15 ||    50
  Use: Potion            |     1 |     2 ||     3
 Stab: Sleeping          |     2 |       ||     2
  Eat: Chunk             |     1 |     2 ||     3
